 Dungeon Crawl Stone Soup version 0.31.0-7-gf635a9b802 (webtiles) character file.

Game seed: 15740554675966973243

30 Warped the Ruffian (level 3, -11/19 HPs)
             Began as a Vine Stalker Fighter on Jan 24, 2024.
             Mangled by an ogre
             ... wielding a +0 giant club
              (22 damage)
             ... on level 2 of the Dungeon.
             The game lasted 00:00:44 (641 turns).

Warped the Ruffian (Vine Stalker Fighter)            Turns: 641, Time: 00:00:44

Health: -11/19     AC:  7    Str: 20    XL:     3   Next: 18%
Magic:  0/4        EV:  9    Int:  8    God:
Gold:   44         SH:  4    Dex: 13    Spells: 2/2 levels left

rFire   . .          .
                       - Unarmed
rCold   . . .        b - +0 buckler
rNeg    . . .        a - +0 scale mail
rPois   .            g - +0 helmet
rElec   .            (no cloak)
rCorr   .            (no gloves)
SInv    .            (no boots)
Will    .....        (no amulet) Stlth
                     (no ring)
HPRegen 1.03/turn    (no ring)
MPRegen 0.09/turn

%: guardian spirit
@: no status effects
A: fangs 2, regeneration 1, magic shield, antimagic bite, no potion heal 2
a: no special abilities


You were on level 2 of the Dungeon.
You visited 1 branch of the dungeon, and saw 2 of its levels.

You collected 44 gold pieces.

Inventory:

Missiles
 h - 4 poisoned darts (quivered)
 i - 6 stones
Armour
 a - a +0 scale mail (worn)
 b - a +0 buckler (worn)
 g - a +0 helmet (worn)
Jewellery
 e - an amulet of faith
Scrolls
 k - a scroll of identify {unknown}
Potions
 c - a potion of might
 d - a potion of haste {unknown}
 f - a potion of degeneration {unknown}
 j - 2 potions of invisibility {unknown}


   Skills:
 - Level 2.6 Fighting
 - Level 2.4 Armour
 - Level 2.6 Shields
 + Level 3.5 Unarmed Combat


You had 2 spell levels left.
You didn't know any spells.
Your spell library was empty.

Dungeon Overview and Level Annotations

Branches:
Dungeon (2/15)

Altars:


Innate Abilities, Weirdness & Mutations

You have extremely sharp teeth.
Your natural rate of healing is unusually fast.
When hurt, damage is shared between your health and your magic reserves.
Your bite disrupts and absorbs the magic of your enemies.
Potions cannot restore your health.


Message History

No target in view!
No target in view!
No target in view!
No target in view!
No target in view!
No target in view!
HP restored.
Key pressed, stopping explore.
No target in view!
Magic restored.
A hobgoblin comes into view.
Found a scroll labelled FIAPSE VACWOO.
You block the hobgoblin's attack.
You hit the hobgoblin but do no damage. Your bite misses the hobgoblin.
The hobgoblin closely misses you.
You barely miss the hobgoblin. The hobgoblin barely misses you.
You barely miss the hobgoblin. Your bite misses the hobgoblin.
You hit the hobgoblin but do no damage. The hobgoblin barely misses you.
You hit the hobgoblin but do no damage. The hobgoblin barely misses you.
You hit the hobgoblin.
The hobgoblin is moderately wounded.
The hobgoblin hits you but does no damage.
You closely miss the hobgoblin.
You bite the hobgoblin, but do no damage.
The hobgoblin is moderately wounded.
You block the hobgoblin's attack.
You hit the hobgoblin.
You kill the hobgoblin!
k - a scroll labelled FIAPSE VACWOO No target in view!
No target in view!
No target in view!
No target in view!
An ogre comes into view. It is wielding a +0 giant club.
The ogre shouts!
The ogre hits you with a +0 giant club!
You barely miss the ogre. You bite the ogre, but do no damage.
The ogre hits you with a +0 giant club!!
Ouch! That really hurt!
You die...

#####+#####
..........#
..........# .#
......(...# +#..
..........# .#.# .
......O...##.#.# .#
.......@..+....#...
..........#.......#
#..#+#............#
# #.#.##..#....#
#.#.##..# ..#
+#+#+##..# #.#
.........###..#.#
..............#.#
........####.##.#


You could see an ogre.

Vanquished Creatures
  A gnoll (D:1)
  A bat (D:1)
  5 endoplasms
  2 hobgoblins
  2 jackals (D:1)
  A quokka (D:1)
  2 ball pythons (D:1)
  2 frilled lizards (D:1)
  2 kobolds
  A rat (D:1)
19 creatures vanquished.

Notes
Turn   | Place    | Note
-------+----------+-------------------------------------------
     0 | D:1      | Warped the Vine Stalker Fighter began the quest for the
                  | Orb.
     0 | D:1      | Reached XP level 1. HP: 11/11 MP: 2/2
   100 | D:1      | Reached XP level 2. HP: 9/16 MP: 1/3
   238 | D:1      | Reached skill level 3 in Unarmed Combat
   376 | D:1      | Reached XP level 3. HP: 19/19 MP: 4/4
   637 | D:2      | Noticed an ogre
   641 | D:2      | Mangled by an ogre

Illustrated notes

Levels and vault maps discovered:
D:1:      pf_arrival_petrified_forest, layout_rooms
D:2:      layout_basic, basic_ecumenical_altar, minmay_close_crescents

Skill      XL: |  1  2 |
---------------+-------+-----
Unarmed Combat | 3 |  3.5
Fighting       | |  2.6
Armour         | |  2.4
Shields        | |  2.6

Action                     || total
---------------------------++-------
  Melee: Unarmed           ||    55
         Bite              ||    13
 Armour: Scale mail        ||    31
  Dodge: Dodged            ||    23
  Block: Buckler           ||    11
